 Dungeon Crawl Stone Soup version 0.22-a0-247-gbddf880757 (webtiles) character file.

6001 Peterchen the Severer (level 10, -5/115 HPs)
             Began as a Minotaur Berserker on Feb 24, 2018.
             Was a High Priest of Trog.
             Slain by a three-headed hydra (9 damage)
             ... on level 9 of the Dungeon.
             The game lasted 00:25:04 (7722 turns).

Peterchen the Severer (Minotaur Berserker)          Turns: 7722, Time: 00:25:05

Health: -5/115     AC: 10    Str: 36    XL:     10   Next: 55%
Magic:  9/9        EV: 11    Int:  6    God:    Trog [*****.]
Gold:   111        SH:  0    Dex: 10    Spells: 9/9 levels left

rFire    . . .     SeeInvis .   A - +1 hand axe (freeze)
rCold    . . .     Gourm    .   (no shield)
rNeg     . . .     Faith    +   B - +1 scale mail "Hyumaoge" {MR+ Str+3}
rPois    .         Spirit   .   (helmet restricted)
rElec    .         Reflect  .   x - scarf {repulsion}
rCorr    .         Harm     .   E - +2 pair of gloves {archery}
MR       ++...                  (no boots)
Stlth    ..........             u - amulet of faith
HPRegen  0.29/turn              w - +3 ring of strength
MPRegen  0.11/turn              (no ring)

@: berserking, about to teleport, repel missiles, very quick
A: retaliatory headbutt, horns 2, clever 1, magic resistance 1, evolution 1
a: Berserk, Trog's Hand, Brothers in Arms, Renounce Religion


You were on level 9 of the Dungeon.
You worshipped Trog.
Trog was extremely pleased with you.
You were hungry.

You visited 1 branch of the dungeon, and saw 9 of its levels.

You collected 776 gold pieces.
You spent 665 gold pieces at shops.

Inventory:

Hand Weapons
 A - a +1 hand axe of freezing (weapon)
Missiles
 g - 8 tomahawks (quivered)
Armour
 x - a scarf of repulsion (worn)
 B - the +1 scale mail "Hyumaoge" (worn) {MR+ Str+3}
   (You bought it in a shop on level 9 of the Dungeon)

   It affects your strength (+3).
   It affects your resistance to hostile enchantments.
 E - a +2 pair of gloves of archery (worn)
Jewellery
 u - an amulet of faith (around neck)
 w - a +3 ring of strength (left hand)
Wands
 h - a wand of paralysis (3)
 p - a wand of acid (10)
 v - a wand of scattershot (5)
 C - a wand of disintegration (14)
Scrolls
 a - 2 scrolls of holy word
 f - 4 scrolls of remove curse
 i - 3 scrolls of teleportation
 k - 3 scrolls of fog
 o - a scroll of blinking
 r - a scroll of enchant armour
 s - 3 scrolls of enchant weapon
 F - a scroll of noise {unknown}
Potions
 b - a potion of degeneration {unknown}
 d - 4 potions of agility
 e - a potion of heal wounds {unknown}
 j - 2 potions of brilliance {unknown}
 l - 2 potions of lignification
 m - a potion of curing {unknown}
 n - 2 potions of flight {unknown}
 q - 2 potions of haste
 t - a potion of magic {unknown}
 D - a potion of ambrosia {unknown}
 G - a potion of resistance {unknown}
 H - a potion of berserk rage {unknown}
Comestibles
 c - 16 rations
 z - 6 chunks of flesh


   Skills:
 - Level 3.6 Fighting
 * Level 17.8 Axes
 - Level 2.4 Armour
 - Level 2.1 Dodging


You had 9 spell levels left.
You didn't know any spells.

Dungeon Overview and Level Annotations

Branches:
Dungeon (9/15)             Temple (0/1) D:6            Lair (0/6) D:8
    Orc: D:9-12

Altars:
Fedhas
Gozag
Makhleb
Okawaru
Qazlal
Ru
Trog
Uskayaw
Wu Jian
Xom
Yredelemnul
The Shining One

Shops:
D:8 ?   D:9 [


Innate Abilities, Weirdness & Mutations

You reflexively headbutt those who attack you in melee.
You have a pair of horns on your head.
Your mind is acute. (Int +2)
You are resistant to hostile enchantments. (MR+)
You evolve.


Message History

Press: ? - help, Shift-Dir - straight line, f/p - big kobold
Aim: a big kobold (chance to defeat MR: 46%)
The three-headed hydra resists with almost no effort.
You recover from your berserk rage.
The three-headed hydra bites you. The three-headed hydra bites you! x2
As you read the scroll of teleportation, it crumbles to dust.
You feel strangely unstable.
The three-headed hydra bites you but does no damage.
The three-headed hydra closely misses you.
The three-headed hydra bites you!
* * * LOW HITPOINT WARNING * * *
A red film seems to cover your vision as you go berserk!
You feel yourself moving faster!
You feel mighty!
You are feeling hungry.
The three-headed hydra bites you!
* * * LOW HITPOINT WARNING * * *
The three-headed hydra bites you!
* * * LOW HITPOINT WARNING * * *
The three-headed hydra bites you!
You die...

######### #.# .# ########<......#
##.# #.# ................ ..# #.#
...#####.################.# #.#
...# #.......#..#.....#.###.###
...# #.......#..'....≈#........
...# #.......#..'.)P..#.....#.#
...# #.......#..'....≈..#...#.#
...# #.......#@.#.)..(#.....#.#
...#####.......#D##P≈P)≈#........
#.#............#K.#≈≈≈≈P#.....#..
.∩.........#####.)+.P≈PP#.....#..
#.#........# ##########........
#.............# #............
########'##...# #............ #.#
...## #........<..< #..
.....#####.........#.#


You could see a three-headed hydra and a big kobold.

Vanquished Creatures
  The ghost of MirrMurr the Spear-Bearer, a novice CeBe of Trog (D:8)
  A two-headed ogre (D:8)
  A hornet (D:9)
  2 dream sheep (D:9)
  A hippogriff (D:8)
  Sigmund (D:2)
  2 yaks (D:9)
  A wyvern (D:9)
  Menkaure (D:5)
  A water moccasin (D:6)
  3 orc warriors
  A sky beast (D:5)
  2 phantoms
  5 ogres
  5 centaurs
  4 big kobolds
  A bullfrog (D:7)
  A gnoll sergeant (D:8)
  3 killer bees (D:8)
  2 wights (D:7)
  3 howler monkeys
  3 crimson imps
  A bullfrog zombie (D:6)
  7 hounds
  A bullfrog skeleton (D:7)
  2 orc priests (D:7)
  A gnoll shaman (D:8)
  An iguana (D:8)
  Jessica (D:2)
  3 worker ants
  10 orc wizards
  A hound skeleton (D:4)
  2 worker ant zombies
  5 gnolls (D:8)
  2 adders
  3 shadow imps
  2 adder zombies (D:9)
  3 worms
  3 dart slugs
  5 leopard geckos
  23 orcs
  6 bats
  6 giant cockroaches
  12 goblins
  9 hobgoblins
  9 jackals
  3 quokkas
  6 frilled lizards
  A giant cockroach zombie (D:6)
  15 kobolds
  A leopard gecko skeleton (D:5)
  A quokka skeleton (D:8)
  3 rats
193 creatures vanquished.

Vanquished Creatures (others)
  An adder skeleton (D:7)
  2 plants (D:8)
3 creatures vanquished.

Grand Total: 196 creatures vanquished

Notes
Turn   | Place    | Note
-------+----------+-------------------------------------------
     0 | D:1      | Peterchen the Minotaur Berserker began the quest for the Orb.
     0 | D:1      | Reached XP level 1. HP: 19/19 MP: 0/0
     3 | D:1      | Noticed a black mamba
    60 | D:1      | Reached skill level 4 in Axes
   127 | D:1      | Reached XP level 2. HP: 18/26 MP: 1/1
   295 | D:1      | Reached skill level 5 in Axes
   309 | D:1      | Reached ** piety under Trog
   362 | D:1      | Reached XP level 3. HP: 29/31 MP: 2/2
   509 | D:1      | Noticed an anaconda
   836 | D:2      | Noticed Sigmund
   851 | D:2      | Killed Sigmund
   851 | D:2      | Reached skill level 7 in Axes
   851 | D:2      | Reached XP level 4. HP: 17/39 MP: 3/3
   851 | D:2      | Reached XP level 5. HP: 19/45 MP: 4/4
  1192 | D:2      | Noticed Jessica
  1195 | D:2      | Killed Jessica
  1195 | D:2      | Reached skill level 8 in Axes
  1448 | D:2      | Found an opulent altar of Gozag.
  1448 | D:2      | Found an iron altar of Okawaru.
  1449 | D:2      | Found a glowing golden altar of the Shining One.
  2128 | D:4      | Reached XP level 6. HP: 51/51 MP: 5/5
  2180 | D:4      | Reached *** piety under Trog
  2416 | D:4      | Reached skill level 9 in Axes
  2837 | D:4      | Found a sacrificial altar of Ru.
  2837 | D:4      | Found a burning altar of Makhleb.
  2927 | D:5      | Entered Level 5 of the Dungeon
  2948 | D:5      | Reached XP level 7. HP: 56/57 MP: 6/6
  3184 | D:5      | Reached skill level 10 in Axes
  3403 | D:5      | Gained mutation: Your mind is acute. (Int +2) [potion of mutation]
  3403 | D:5      | Gained mutation: You are partially covered in large bone plates. (SH +4) [potion of mutation]
  3403 | D:5      | Gained mutation: You have large cloven feet. [potion of mutation]
  3445 | D:5      | Lost mutation: Your mind is acute. (Int +2) [potion of mutation]
  3445 | D:5      | Lost mutation: You have large cloven feet. [potion of mutation]
  3445 | D:5      | Gained mutation: Your spells are a little harder to cast, but a little more powerful. [potion of mutation]
  3486 | D:5      | Noticed Menkaure
  3861 | D:5      | Killed Menkaure
  3861 | D:5      | Received a gift from Trog
  4002 | D:5      | Found a bloodstained altar of Trog.
  4122 | D:6      | Reached skill level 11 in Axes
  4193 | D:6      | Found a staircase to the Ecumenical Temple.
  4276 | D:6      | Found a bloodstained altar of Trog.
  4276 | D:6      | Found an ornate altar of the Wu Jian Council.
  4300 | D:6      | Found a faded altar of an unknown god.
  4300 | D:6      | Found a blossoming altar of Fedhas.
  4305 | D:6      | Found a shimmering altar of Xom.
  4311 | D:6      | Reached XP level 8. HP: 62/64 MP: 7/7
  4312 | D:6      | Found a hide-covered altar of Uskayaw.
  4313 | D:6      | Found a faded altar of an unknown god.
  4758 | D:7      | Reached skill level 12 in Axes
  4803 | D:7      | Found a basalt altar of Yredelemnul.
  4959 | D:7      | Reached skill level 13 in Axes
  4967 | D:7      | Reached **** piety under Trog
  5022 | D:7      | Found a stormy altar of Qazlal.
  5119 | D:7      | Found a glowing golden altar of the Shining One.
  5399 | D:8      | Found Veynulul's Magic Scroll Shoppe.
  5403 | D:8      | Bought a scroll of teleportation for 33 gold pieces
  5403 | D:8      | Bought a scroll of identify for 22 gold pieces
  5403 | D:8      | Bought a scroll of identify for 22 gold pieces
  5403 | D:8      | Bought a scroll of identify for 22 gold pieces
  5403 | D:8      | Bought a scroll of teleportation for 33 gold pieces
  5403 | D:8      | Bought a scroll of identify for 22 gold pieces
  5403 | D:8      | Bought a scroll of teleportation for 33 gold pieces
  5432 | D:8      | Reached XP level 9. HP: 66/70 MP: 8/8
  5528 | D:8      | Reached skill level 14 in Axes
  5551 | D:8      | Noticed MirrMurr's ghost (novice CeBe)
  5888 | D:8      | Killed MirrMurr's ghost
  5888 | D:8      | Reached skill level 15 in Axes
  6026 | D:8      | Noticed a two-headed ogre
  6029 | D:8      | Killed a two-headed ogre
  6029 | D:8      | Reached skill level 16 in Axes
  6030 | D:8      | Found a staircase to the Lair.
  6030 | D:8      | Noticed a komodo dragon
  6275 | D:8      | Reached XP level 10. HP: 55/77 MP: 9/9
  6377 | D:8      | Reached ***** piety under Trog
  7165 | D:9      | Found Bunius's Antique Armour Boutique.
  7179 | D:9      | Bought a heavily runed scale mail for 261 gold pieces
  7179 | D:9      | Bought a pair of runed gloves for 217 gold pieces
  7189 | D:9      | Identified the +1 scale mail "Hyumaoge" {MR+ Str+3} (You bought it in a shop on level 9 of the Dungeon)
  7237 | D:9      | Paralysed by a hornet for 3 turns
  7245 | D:9      | Reached skill level 17 in Axes
  7540 | D:9      | Lost mutation: Your spells are a little harder to cast, but a little more powerful. [potion of mutation]
  7540 | D:9      | Lost mutation: You are partially covered in large bone plates. (SH +4) [potion of mutation]
  7540 | D:9      | Gained mutation: You are resistant to hostile enchantments. (MR+) [potion of mutation]
  7540 | D:9      | Gained mutation: You evolve. [potion of mutation]
  7540 | D:9      | Gained mutation: Your mind is acute. (Int +2) [potion of mutation]
  7688 | D:9      | Received a gift from Trog
  7718 | D:9      | Noticed a three-headed hydra
  7722 | D:9      | HP: 4/115 [three-headed hydra (10)]
  7722 | D:9      | Slain by a three-headed hydra

Vault maps used:
D:1:      sevenhm_arrival_forest_fort_small_2, minmay_hexomino_c4
D:2:      gammafunk_temple_overflow_claw, grunt_ministairs_4, uniq_sigmund,
          uniq_jessica
D:3:      nrook_mini_backslash, nicolae_ru_path_of_blood
D:4:      gammafunk_temple_overflow_wave, kennysheep_generic_room_13
D:5:      first_ration, trog_book, uniq_menkaure
D:6:      grunt_temple_overflow_open, chequers_temple_overflow_minitemple,
          temple_statues, eino_tiny_chamber, serial_park_tiny_pond
D:7:      lemuel_crystal_altar, grunt_qazlal_clouds, basic_altar
D:8:      kennysheep_housing_project, david_lair_shrubbed, serial_shops,
          nicolae_shop_crystal
D:9:      serial_shops, nicolae_shop_crystal, hangedman_ranch

Skill      XL: |  1  2  3  4  5  6  7  8  9 10 |
---------------+-------------------------------+-----
Axes           | 4 5 7 8 9 11 13 16 17 | 17.8
Fighting       | |  3.6
Armour         | |  2.4
Dodging        | |  2.1

Action                   |  1- 3 |  4- 6 |  7- 9 | 10-12 || total
-------------------------+-------+-------+-------+-------++-------
Melee: Hand axe          |    90 |    95 |   236 |   112 ||   533
       Headbutt          |    16 |    24 |    48 |    32 ||   120
Invok: Berserk           |     1 |     2 |     7 |     4 ||    14
       Trog's Hand       |       |       |     1 |       ||     1
Evoke: Wand              |       |       |       |     4 ||     4
  Use: Scroll            |     2 |     3 |     8 |     4 ||    17
       Potion            |       |       |     2 |     1 ||     3
 Stab: Paralysed         |       |       |       |     2 ||     2
  Eat: Chunk             |       |     8 |    15 |     8 ||    31
       Ration            |       |       |     1 |       ||     1
Armor: Animal skin       |     5 |       |       |       ||     5
       Leather armour    |     8 |       |       |       ||     8
       Scale mail        |     5 |    28 |     9 |    10 ||    52
       Chain mail        |       |       |    38 |    18 ||    56
Dodge: Dodged            |    52 |    34 |    51 |    41 ||   178
       Deflected         |       |       |     1 |     4 ||     5
Block: Other             |       |       |    18 |    18 ||    36

Table legend:
 A = Spawn XP
 B = Non-spawn XP
 C = Spawn XP percentage of total XP
 D = Spawn monster count
 E = Non-spawn monster count
 F = Spawn count percentage of total count
 G = Total turns spent on level
                    A         B        C        D         E        F      G
               +---------+---------+-------+---------+---------+-------+---------
         Total |       0 |    8573 |   0.0 |       0 |     193 |   0.0 |  7722
               +---------+---------+-------+---------+---------+-------+---------
           D:1 |       0 |      58 |   0.0 |       0 |      32 |   0.0 |   741
           D:2 |       0 |     302 |   0.0 |       0 |      19 |   0.0 |   913
           D:3 |       0 |      14 |   0.0 |       0 |       6 |   0.0 |   364
           D:4 |       0 |     303 |   0.0 |       0 |      15 |   0.0 |   909
           D:5 |       0 |     418 |   0.0 |       0 |      12 |   0.0 |   911
           D:6 |       0 |     560 |   0.0 |       0 |      12 |   0.0 |   913
           D:7 |       0 |    1039 |   0.0 |       0 |      25 |   0.0 |   646
           D:8 |       0 |    3946 |   0.0 |       0 |      51 |   0.0 |  1759
           D:9 |       0 |    1933 |   0.0 |       0 |      21 |   0.0 |   566
               +---------+---------+-------+---------+---------+-------+---------
